 Dungeon Crawl Stone Soup version 0.26.1-2-gb8aa6d0cf2 (webtiles) character file.

Game seed: 3803656687849862362

242 Amaterasu the Skirmisher (level 6, -17/40 HPs)
             Began as a Gargoyle Fighter on Feb 28, 2021.
             Demolished by an ogre
             ... wielding a +0 giant club
              (24 damage)
             ... on level 4 of the Dungeon.
             The game lasted 00:03:35 (3046 turns).

Amaterasu the Skirmisher (Gargoyle Fighter)         Turns: 3046, Time: 00:03:35

Health: -17/40     AC: 13    Str: 22    XL:     6   Next: 9%
Magic:  6/6        EV:  7    Int:  8    God:
Gold:   71         SH:  9    Dex:  9    Spells: 5/5 levels left

rFire    . . .     SeeInvis .   a - +1 war axe
rCold    . . .     Faith    .   c - +0 kite shield
rNeg     + . .     Spirit   .   b - +0 scale mail
rPois    ∞         Reflect  .   n - +0 helmet
rElec    +         Harm     .   q - +0 cloak
rCorr    .         Rampage  .   (no gloves)
Will     .....                  (no boots)
Stlth    ..........             (no amulet)
HPRegen  0.13/turn              (no ring)
MPRegen  0.10/turn              (no ring)

@: flying
A: negative energy resistance 1, electricity resistance, unbreathing,
petrification resistance, miasma immunity, AC +4
a: no special abilities


You were on level 4 of the Dungeon.
You visited 1 branch of the dungeon, and saw 4 of its levels.

You collected 71 gold pieces.

Inventory:

Hand Weapons
 a - a +1 war axe (weapon)
Armour
 b - a +0 scale mail (worn)
 c - a +0 kite shield (worn)
 g - a +0 chain mail
 n - a +0 helmet (worn)
 q - a +0 cloak (worn)
Wands
 d - a wand of flame (9)
Scrolls
 f - a scroll of fear
 h - 2 scrolls of identify
 k - 2 scrolls of enchant weapon
 l - a scroll of remove curse
Potions
 e - a potion of flight
 j - a potion of heal wounds {unknown}
 m - a potion of brilliance {unknown}
 p - a potion of mutation {unknown}


   Skills:
 * Level 4.8 Fighting
 * Level 4.7 Axes
 - Level 3.2 Armour
 - Level 3.2 Shields


You had 5 spell levels left.
You didn't know any spells.
Your spell library was empty.

Dungeon Overview and Level Annotations

Branches:
Dungeon (4/15)
 Temple: D:4-7

Altars:
Dithmenos


Innate Abilities, Weirdness & Mutations

You are resistant to torment.
Your stone body is resilient. (AC +4)
You are immune to poison.
You resist negative energy. (rN+)
You are resistant to electric shocks. (rElec)
You can survive without breathing.
You are immune to petrification.
You are immune to miasma.


Message History

You block the ogre's attack.
The orc shouts!
You slash the ogre!
The ogre is almost dead.
You slash the ogre! The ogre hits you but does no damage.
The ogre hits you with a +0 giant club.
You barely miss the ogre.
The ogre is almost dead.
You hit the ogre. The ogre hits you with a +0 giant club!
* * * LOW HITPOINT WARNING * * *
The ogre closely misses you.
You are too injured to fight recklessly!
You are too injured to fight recklessly!
You see here a runed long sword.
It was a potion of flight.
You feel very buoyant.
You fly up into the air.
The ogre hits you with a +0 giant club!!
Ouch! That really hurt!
You die...

#.......# #.......#
#.......# #..##<..##
.# ###.##### ###.
#......# #..
#......#
#.####O######†.....#
#......ohO@..(.....#
####..#######......#
#..# #......# ....
#......# .....
######## ##... ##.
..


You could see 2 ogres, a hound and an orc.

Vanquished Creatures
  Crazy Yiuf (D:3)
  2 orc wizards (D:3)
  Terence (D:2)
  A worker ant (D:4)
  3 adders
  2 worms
  A dart slug (D:1)
  3 leopard geckos
  5 orcs (D:3)
  4 giant cockroaches
  6 goblins
  8 hobgoblins
  4 jackals (D:2)
  10 bats
  A frilled lizard (D:3)
  9 kobolds
  5 rats
66 creatures vanquished.

Notes
Turn   | Place    | Note
-------+----------+-------------------------------------------
     0 | D:1      | Amaterasu the Gargoyle Fighter began the quest for the Orb.
     0 | D:1      | Reached XP level 1. HP: 14/14 MP: 1/1
    80 | D:1      | Reached XP level 2. HP: 19/20 MP: 2/2
   309 | D:1      | Reached XP level 3. HP: 23/24 MP: 3/3
   909 | D:2      | Noticed Terence
   916 | D:2      | Killed Terence
   917 | D:2      | Reached XP level 4. HP: 29/29 MP: 4/4
  1774 | D:3      | Reached XP level 5. HP: 34/34 MP: 5/5
  2087 | D:3      | Found a shadowy altar of Dithmenos.
  2502 | D:3      | Found a runed translucent door.
  2503 | D:3      | Noticed Crazy Yiuf
  2934 | D:3      | Killed Crazy Yiuf
  3028 | D:4      | Reached XP level 6. HP: 40/40 MP: 6/6
  3046 | D:4      | Demolished by an ogre

Illustrated notes

Levels and vault maps discovered:
D:1:      dpeg_arrival_yet_another_circle, layout_basic, hangedman_decor_push
D:2:      layout_loops_ring, minmay_misc_feat_pillars, uniq_terence
D:3:      layout_loops_ring, nicolae_dithmenos_shadow_blocks,
          uniq_crazy_yiuf_cottage
D:4:      layout_rooms, st_stairs_4, uniq_robin

Skill      XL: |  1  2  3  4  5 |
---------------+----------------+-----
Axes           | 2 3 4 |  4.7
Fighting       | 4 |  4.8
Armour         | |  3.2
Shields        | |  3.2

Action                   |  1- 3 |  4- 6 || total
-------------------------+-------+-------++-------
Melee: War axe           |    78 |   171 ||   249
  Use: Scroll            |     1 |     4 ||     5
       Potion            |       |     2 ||     2
Armor: Scale mail        |    52 |    89 ||   141
Dodge: Dodged            |    26 |    55 ||    81
Block: Kite shield       |    41 |    92 ||   133
